 Seeded DCSS version 0.29.1-12-g30fa7ad0bf (webtiles) character file.

Game seed: 1 (custom seed)

0 Kazon the Ducker (level 1, -3/16 HPs)
             Began as a Demonspawn Gladiator on Dec 13, 2022.
             Slain by a kobold
             ... wielding a +0 whip
              (4 damage)
             ... on level 1 of the Dungeon.
             The game lasted 00:01:05 (84 turns).

Kazon the Ducker (Demonspawn Gladiator)               Turns: 84, Time: 00:01:06

Health: -3/16      AC:  4    Str: 14    XL:     1   Next: 8%
Magic:  1/1        EV: 12    Int:  9    God:
Gold:   35         SH:  0    Dex: 14    Spells: 0/0 levels left

rFire   . . .      SeeInvis .   f - +4 double sword (protect)
rCold   . . .      Faith    .   (no shield)
rNeg    . . .      Spirit   .   b - +0 leather armour
rPois   .          Reflect  .   c - +0 helmet
rElec   .          Harm     .   (no cloak)
rCorr   .          Rampage  .   (no gloves)
Will    .....                   (no boots)
Stlth   +.........              g - amulet of the acrobat
HPRegen 0.05/turn               (no ring)
MPRegen 0.07/turn               (no ring)

@: no status effects
A: no striking features
a: no special abilities


You were on level 1 of the Dungeon.
You visited 1 branch of the dungeon, and saw 1 of its levels.

You collected 35 gold pieces.

Inventory:

Hand Weapons
 a - a +0 long sword
 f - a +4 double sword of protection (weapon)
Missiles
 d - 3 throwing nets (quivered)
 e - a javelin
Armour
 b - a +0 leather armour (worn)
 c - a +0 helmet (worn)
Jewellery
 g - an amulet of the acrobat (around neck)
Potions
 h - a potion of haste {unknown}
 i - a potion of flight {unknown}


   Skills:
 + Level 2.0 Fighting
 + Level 2.6 Long Blades
 + Level 1.7 Throwing
 + Level 2.7 Dodging


You couldn't memorise any spells.
You didn't know any spells.
Your spell library was empty.

Dungeon Overview and Level Annotations

Branches:
Dungeon (1/15)

Altars:


Message History

You start putting on your amulet.
You continue putting on your amulet of the acrobat. x5
You finish putting on your amulet of the acrobat.
You feel ready to tumble and roll out of harm's way.
g - an amulet of the acrobat (around neck)
h - an inky potion You now have 31 gold pieces (gained 16).
Found a ruby potion.
An endoplasm and a kobold come into view.
The kobold shouts!
Found 4 gold pieces.
You closely miss the kobold. The kobold barely misses you.
The endoplasm hits you but does no damage.
The kobold hits you but does no damage. The endoplasm barely misses you.
You barely miss the endoplasm. The kobold hits you with a +0 whip.
The endoplasm closely misses you.
You barely miss the kobold. The kobold hits you with a +0 whip.
The endoplasm misses you. The endoplasm freezes you.
You are frozen.
The kobold barely misses you.
You hit the endoplasm.
Your weapon exudes an aura of protection.
The endoplasm is heavily wounded.
The kobold hits you but does no damage. The endoplasm freezes you.
You are frozen.
* * * LOW HITPOINT WARNING * * *
The kobold hits you but does no damage.
You see here a ruby potion.
i - a ruby potion The kobold hits you with a +0 whip.
* * * LOW HITPOINT WARNING * * *
The endoplasm closely misses you. The kobold completely misses you.
The endoplasm attacks as you move away!
The endoplasm hits you but does no damage.
The kobold attacks as you move away! The kobold completely misses you.
You see here 4 gold pieces.
You now have 35 gold pieces (gained 4).
The kobold hits you with a +0 whip.
You die...

# #.##### ###.....#
#....... ..##....#
#####...... ..##....#
#......... ........#
#........ ........#
#.......# ........#
#.......# ..##....#
#.......#
..##....###....K@.#
..##...........J..#
..##..............+#
..##..................
..##..................
#...####.####.......
#...# #.# #.......
#...# #.# #.......
#...# #.# ......


You could see an endoplasm and a kobold.

Vanquished Creatures
  A bat (D:1)
1 creature vanquished.

Notes
Turn   | Place    | Note
-------+----------+-------------------------------------------
     0 | D:1      | Kazon the Demonspawn Gladiator began the quest for the Orb.
     0 | D:1      | Reached XP level 1. HP: 16/16 MP: 1/1
    32 | D:1      | Identified a scroll of acquirement
    32 | D:1      | Acquired a +4 double sword of protection
    84 | D:1      | Slain by a kobold

Illustrated notes

Levels and vault maps discovered:
D:1:      dpeg_arrival_three_smaller_balls, layout_basic

Action                   || total
-------------------------++-------
Melee: Double sword      ||     5
  Use: Scroll            ||     1
Armor: Leather armour    ||    11
Dodge: Dodged            ||    23
